Map: New Repugnancy LE

Players

antoniniv

  • Race: Terran Terran
  • League: Silver
  • Spawn Location: 7:00

ZaZen - Winner!

  • Race: Protoss Protoss
  • League: Silver
  • Spawn Location: 1:00

VOD

Have the link to the VOD?

Description

Time

  • Played on: May 18, 2019, 5:52 p.m.
  • Length: 10:57
Show
View Real Time Build Order
Export as new Build Order

antoniniv Terran 

Build Orders:  

Get SALT Encoding   

  12  0:01  SCV  
  13  0:16  Supply Depot  
  13  0:19  SCV  
  14  0:29  Refinery  
  14  0:40  Barracks  
  14  0:43  SCV  
  15  1:02  Barracks  
  15  1:05  SCV  
  16  1:17  SCV  
  17  1:28  Supply Depot  
  17  1:31  Barracks Reactor  
  17  1:37  Orbital Command  
  17  1:53  Factory  
  17  2:01  Barracks Tech Lab  
  17  2:05  SCV  
  18  2:22  Marine  
  18  2:28  Concussive Shells  
  19  2:37  Marine  
  19  2:40  Marine  
  21  2:51  Factory Tech Lab  
  21  2:55  Marine x2  
  21  2:58  Marine  
  23  3:16  Marauder  
  25  3:26  Refinery  
  25  3:29  Starport  
  25  3:38  Marauder  
  27  3:59  Marauder  
  27  4:01  Command Center  
  29  4:07  Marine x2  
  31  4:17  SCV  
  31  4:21  Marauder  
  34  4:29  SCV  
  35  4:37  Marine x2  
  37  4:49  Engineering Bay  
  37  4:50  Starport Reactor  
  37  4:54  Combat Shield  
  37  4:55  Marine  
  37  4:58  Marine  
  39  5:16  Engineering Bay  
  39  5:24  Marine x2  
  39  5:25  Marauder  
  43  5:38  Refinery  
  43  5:42  Marine x2  
  44  5:56  Orbital Command  
  44  5:59  Marine  
  44  6:00  Marine  
  46  6:13  Supply Depot  
  46  6:18  Marauder  
  48  6:25  SCV x2  
  50  6:36  Supply Depot  
  50  6:37  SCV  
  51  6:44  Terran Infantry Armor Level 1  
  51  6:46  Terran Infantry Weapons Level 1  
  51  6:48  Siege Tank  
  54  7:00  Starport  
  54  7:03  Missile Turret  
  50  7:37  Missile Turret  
  50  7:39  Starport Tech Lab  
  50  7:43  Missile Turret  
  50  7:52  Medivac x2  
  54  8:02  SCV x2  
  56  8:06  Missile Turret  
  56  8:14  SCV  
  52  8:29  SCV x2  
  52  8:33  Missile Turret  
  54  8:41  SCV  
  52  8:57  Liberator  
  52  9:01  SCV x2  
  52  9:11  Missile Turret  
  52  9:13  SCV  
  52  9:14  SCV  
  56  9:25  SCV  
  56  9:26  SCV  
  57  9:38  SCV x2  
  57  9:40  Liberator  
  54  9:53  SCV  
  54  9:54  SCV  
  59  10:06  SCV x2  
  61  10:07  Missile Turret  
  61  10:18  SCV  
  62  10:29  Missile Turret  
Show
View Real Time Build Order
Export as new Build Order

ZaZen Protoss - Winner!

Build Orders: Oracle Opening 

Get SALT Encoding   

  12  0:01  Probe  
  13  0:20  Probe  
  14  0:27  Pylon  
  14  0:40  Probe  
  14  0:41  Pylon  
  15  0:51  Probe  
  16  1:00  Gateway  
  16  1:04  Assimilator  
  16  1:06  Probe  
  17  1:23  Probe  
  18  1:33  Nexus  
  18  1:50  Cybernetics Core  
  18  1:52  Zealot  
  20  2:04  Probe  
  20  2:07  Assimilator  
  21  2:17  Probe  
  21  2:18  Zealot  
  23  3:00  Stalker  
  23  3:02  Warp Gate  
  25  3:13  Probe  
  25  3:16  Stargate, Probe  
  27  3:21  Probe  
  27  3:24  Gateway  
  27  3:26  Gateway  
  28  3:28  Probe  
  28  3:30  Probe  
  30  3:40  Probe  
  31  3:43  Probe  
  28  3:52  Oracle, Probe  
  28  3:55  Probe  
  30  4:01  Assimilator  
  30  4:02  Assimilator  
  33  4:04  Probe  
  34  4:12  Gateway  
  34  4:14  Pylon  
  34  4:27  Probe x2  
  36  4:39  Probe x2  
  36  4:44  Phoenix  
  40  4:50  Twilight Council  
  40  4:51  Robotics Facility  
  40  4:55  Probe x2  
  42  5:06  Shield Battery  
  42  5:07  Probe x2  
  42  5:11  Gateway  
  44  5:19  Phoenix, Probe x2  
  46  5:22  Charge  
  48  5:34  Zealot  
  48  5:35  Zealot  
  52  5:38  Stalker  
  54  5:44  Probe  
  54  5:49  Pylon  
  53  6:05  Pylon  
  53  6:06  Nexus  
  53  6:07  Phoenix  
  55  6:14  Sentry  
  55  6:15  Stalker x2  
  61  6:24  Stalker  
  63  6:31  Warp Prism  
  65  6:46  Stalker x2  
  69  6:55  Pylon  
  69  6:58  Probe  
  70  7:02  Pylon  
  70  7:13  Probe x2  
  72  7:38  Zealot x4  
  80  7:44  Gateway  
  80  7:45  Gateway  
  80  7:47  Gateway  
  80  7:49  Gateway  
  80  7:51  Probe x2  
  80  7:52  Probe  
  80  7:54  Forge  
  80  7:55  Forge  
  83  7:58  Pylon  
  83  7:59  Probe x2  
  83  8:00  Sentry, Probe  
  83  8:01  Pylon  
  88  9:04  Probe x2  
  88  9:05  Probe  
  91  9:12  Stalker x6  
  91  9:13  Stalker x2  
  91  9:16  Immortal, Probe  
  112  9:23  Probe x2  
  111  9:28  Probe  
  110  9:50  Probe x2  
  110  9:51  Probe  
  113  9:58  Gateway  
  113  9:59  Gateway  
  113  10:01  Gateway  
  113  10:04  Gateway  
  113  10:05  Pylon  
  113  10:06  Gateway  
  113  10:09  Pylon  
  113  10:10  Templar Archives  
  113  10:11  Pylon  
  113  10:13  Pylon, Robotics Facility  
  113  10:23  Probe x2  
  118  10:35  Stalker x3  
  120  10:36  Stalker x3  
  120  10:37  Stalker  
Tags
 
Add a new tag
Caveats
  • Supply blocks, unpowered buildings, or Contaminate may cause inaccurate times.
  • Supply counts are checked every 10 seconds.